 Dungeon Sprint DCSS version 0.32-a0-391-gce5c0aab1b (webtiles) character file.

Game seed: 14808507306467513342

2 shadowstone the Changeling (level 1, -1/4 HPs)
             Began as an Octopode Shapeshifter on Feb 19, 2024.
             Was an Initiate of Lugonu.
             Slain by an orc wizard
             ... wielding a +0 dagger
              (3 damage)
             ... in the Dungeon (Sprint V: "Ziggurat Sprint").
             The game lasted 00:03:13 (155 turns).

shadowstone the Changeling (Octopode Shapeshifter)   Turns: 155, Time: 00:03:14

Health: -1/4       AC:  1    Str: 25    XL:     1   Next: 40%
Magic:  1/1        EV: 14    Int: 24    God:    Lugonu [......]
Gold:   0          SH:  0    Dex: 23    Spells: 0/0 levels left

rFire   . . .        H - melded +27 heavy crossbow "Sniper" {heavy, Acc+∞ SInv}
rCold   . . .        (shield currently unavailable)
rNeg    . . .        (helmet restricted)
rPois   .            (no amulet)
rElec   .            x - +6 ring of strength
rCorr   .            t - +6 ring of dexterity
SInv    .            y - +6 ring of strength
Will    .....        w - +6 ring of intelligence
Stlth   +++          v - +6 ring of intelligence
HPRegen 0.20/turn    u - +6 ring of dexterity
MPRegen 0.07/turn    s - ring of flight
                     (no ring)

%: no teleportation
@: blade tentacles, flying
A: reduced hp, almost no armour, amphibious, 8 rings, camouflage 1, gelatinous
body 1, (nimble swimmer 1), tentacles
a: Begin Untransformation, Renounce Religion


You were in the Dungeon.
You worshipped Lugonu.
Lugonu was noncommittal.
You had blades for main tentacles.
You visited 1 branch

Inventory:

Hand Weapons
 H - the +27 heavy crossbow "Sniper" (melded) {heavy, Acc+∞ SInv}
   (You found it in the Dungeon)

   Acc+∞: It never misses its target.
   SInv:      It lets you see invisible.
Armour
 G - the +18 shield of the Gong {Loud rN+ Will+ rCorr EV-5}
   (You found it in the Dungeon)

   Loud:      It is deafeningly noisy when blocking attacks.
   EV-5:      It affects your evasion (-5).
   rN+:       It protects you from negative energy.
   Will+:     It increases your willpower.
   rCorr:     It protects you from acid and corrosion.
Jewellery
 s - a ring of flight (on tentacle)
 t - a +6 ring of dexterity (right blade tentacle)
 u - a +6 ring of dexterity (on tentacle)
 v - a +6 ring of intelligence (on tentacle)
 w - a +6 ring of intelligence (on tentacle)
 x - a +6 ring of strength (left blade tentacle)
 y - a +6 ring of strength (on tentacle)
Talismans
 b - a beast talisman
 c - a flux talisman
 z - a beast talisman
 A - a blade talisman (active)
 B - a maw talisman
 C - a serpent talisman
Wands
 D - a wand of mindburst (7)
 E - a wand of iceblast (7)
 F - a wand of light (7)
Scrolls
 i - 4 scrolls of blinking
 o - 4 scrolls of amnesia
 p - 7 scrolls of fog
 q - 5 scrolls of identify
 r - 2 scrolls of fear
Potions
 a - a potion of lignification
 d - 10 potions of curing
 e - 10 potions of heal wounds
 f - 6 potions of haste
 g - 7 potions of magic
 h - 3 potions of berserk rage
 j - 2 potions of brilliance
 k - 2 potions of invisibility
 l - 4 potions of resistance
 m - a potion of experience
 n - 5 potions of might


   Skills:
 + Level 1.0 Fighting
 + Level 2.1 Dodging
 + Level 0.3 Stealth
 + Level 3.4 Unarmed Combat
 + Level 3.5 Shapeshifting


You couldn't memorise any spells.
You didn't know any spells.
Your spell library was empty.

Dungeon Overview and Level Annotations

Branches:
Dungeon (1/1)

Altars:
Ashenzari
Cheibriados
Dithmenos
Elyvilon
Fedhas
Gozag
Hepliaklqana
Kikubaaqudgha
Makhleb
Nemelex Xobeh
Okawaru
Qazlal
Ru
Sif Muna
Trog
Uskayaw
Vehumet
Wu Jian
Xom
Yredelemnul
Zin
The Shining One
Beogh
Jiyva
Lugonu

Annotations:
D 1 transporter


Innate Abilities, Weirdness & Mutations

You have blades for main tentacles.
Your maximum health is decreased, since you lack skill for your form.
You are incapable of wielding weapons or throwing items.
You cannot wear most types of armour.
You are amphibious.
You can wear up to eight rings at the same time.
Your skin changes colour to match your surroundings (Stealth+).
Your rubbery body absorbs attacks. (AC +1, EV +1)
((You are camouflaged when in or above water. (Stealth+)))
You have tentacles for arms and can constrict up to eight enemies at once.


Message History

Things that are here:
a +5 quick blade; a +5 rapier; a +5 dagger You feel stronger.
y - a +6 ring of strength (on tentacle)
You feel clever.
w - a +6 ring of intelligence (on tentacle)
You feel clever.
v - a +6 ring of intelligence (on tentacle)
You feel agile.
u - a +6 ring of dexterity (on tentacle)
You fly up into the air.
s - a ring of flight (on tentacle) Nothing quivered!
Nothing quivered!
Nothing quivered!
Nothing quivered!
You can't wear that in your present form.
There is a transporter here.
Welcome to arena 1.
You enter the transporter and appear at another place.
An orc wizard and an orc come into view.
The orc shouts!
Found a +2 orcbow of freezing and an amulet of guardian spirit.
Found a transporter.
The orc hits you with a +0 flail.
Ouch! That really hurt!
You closely miss the orc.
The orc wizard shouts!
You grab the orc. You constrict the orc. You slash the orc!
You kill the orc!
Lugonu accepts your kill.
You closely miss the orc wizard. You grab the orc wizard.
You constrict the orc wizard. The orc wizard closely misses you.
You slash the orc wizard!
The orc wizard is severely wounded.
You constrict the orc wizard.
The orc wizard hits you with a +0 dagger.
Ouch! That really hurt!
You die...

▓▓▓▓▓▓▓
▓.ß©ß.▓
▓.....▓
▓.".).▓
▓..o..▓
▓..@..▓
▓..©..▓
▓▓▓▓▓▓▓


You could see an orc wizard.

Vanquished Creatures
  An orc (D)
1 creature vanquished.

Notes
Turn   | Place    | Note
-------+----------+-------------------------------------------
     0 | D        | shadowstone the Octopode Shapeshifter began the quest for
                  | the Orb.
     0 | D        | Reached XP level 1. HP: 13/13 MP: 1/1
     0 | D        | Found a shimmering blue altar of Sif Muna.
     0 | D        | Found a bloodstained altar of Trog.
     0 | D        | Found a sacrificial altar of Ru.
     0 | D        | Found a stormy altar of Qazlal.
     0 | D        | Found an iron altar of Okawaru.
     1 | D        | Found a sparkling altar of Nemelex Xobeh.
     1 | D        | Found a blossoming altar of Fedhas.
     1 | D        | Found the +6 Majin-Bo {spellvamp, MP+6 Int+6}
     1 | D        | Found the +27 heavy crossbow "Sniper" {heavy, Acc+∞ SInv}
     1 | D        | Found the +10 dark maul {heavy}
     1 | D        | Found the +15 Maxwell's patent armour {-Cast -Tele rElec
                  | Will+ rCorr}
     1 | D        | Found the +18 shield of the Gong {Loud rN+ Will+ rCorr
                  | EV-5}
     1 | D        | Found the +16 obsidian axe {drain, demonic, Mesm ^Drain Fly
                  | SInv}
     1 | D        | Found the +7 great mace "Firestarter" {flame, immolate,
                  | rFlCloud rF++}
     1 | D        | Found the +6 shillelagh "Devastator" {shatter}
     1 | D        | Found the +11 plutonium sword {^Contam Stlth-}
     1 | D        | Found the +8 lance "Wyrmbane" {slay drac, rPois rF+ rC+
                  | AC+3}
     1 | D        | Found the +9 sword of Zonguldrok {reap}
     1 | D        | Found the +13 scythe of Curses {drain, curses, ^Drain}
     1 | D        | Found the +9 sword of Power {lifebolt}
     1 | D        | Found the +7 mace of Variability {chaos, chaos arc}
     1 | D        | Found the +11 Singing Sword {sonic wave}
     1 | D        | Found the +8 storm bow {elec, penet}
     4 | D        | Found a transporter.
     4 | D        | Found a viscous altar of Jiyva.
     4 | D        | Found an ancient bone altar of Kikubaaqudgha.
     4 | D        | Found a hazy altar of Hepliaklqana.
     4 | D        | Found a corrupted altar of Lugonu.
     4 | D        | Found an opulent altar of Gozag.
     4 | D        | Found a burning altar of Makhleb.
   107 | D        | Became a worshipper of Lugonu the Unformed
   150 | D        | Entered arena 2.
   150 | D        | Noticed an orc wizard
   150 | D        | Found a transporter.
   155 | D        | Slain by an orc wizard

Illustrated notes

Levels and vault maps discovered:
D:        sprint_v [room_start, room_1, room_2, room_3, room_4, room_5, room_6,
          room_7, room_8, room_9, room_10, room_11, room_12, room_13, room_14,
          room_15, room_16, room_17, room_18, room_19, room_20, room_21,
          room_22, room_23, room_24, room_25, room_26, room_27]

Action                     || total
---------------------------++-------
  Melee: Unarmed           ||     4
         Constrict         ||     2
 Armour: Skin              ||     2
  Dodge: Dodged            ||     1
   Form: Blade             ||     1

Table legend: (Time is in decaauts)
 A = Elapsed time spent in this place.
 B = Non-inter-level travel time spent in this place.
 C = Inter-level travel time spent in this place.
 D = Time resting spent in this place.
 E = Time spent auto-exploring this place.
 F = Levels seen in this place.
 G = Mean time per level.
                   A        B        C        D        E       F      G
               +--------+--------+--------+--------+--------+-----+--------+
         Total |    150 |    150 |      0 |      0 |      4 |   1 |  150.0 |
       Dungeon |    150 |    150 |      0 |      0 |      4 |   1 |  150.0 |
               +--------+--------+--------+--------+--------+-----+--------+

Top non-repeatable levels by time:
       D: 150 daAuts
